 Dungeon Crawl Stone Soup version 0.30-b1-2-g02819fbbbe (webtiles) character file.

Game seed: 8119354397581733570

2710 MajorAdolf the Destroyer (level 9, -4/64 (70) HPs)
             Began as a Naga Wanderer on Aug 30, 2023.
             Slain by a wight
             ... wielding a +1 halberd of freezing
              (13 damage)
             ... on level 6 of the Dungeon.
             The game lasted 00:11:14 (9133 turns).

MajorAdolf the Destroyer (Naga Wanderer)            Turns: 9133, Time: 00:11:14

HP:   -4/64 (70)    AC: 10    Str: 17    XL:     9   Next: 66%
MP:   9/20          EV:  9    Int: 25    God:
Gold: 533           SH:  0    Dex: 18    Spells: 21/23 levels left

rFire   . . .        D - +1 whip (elec)
rCold   . . .        (no shield)
rNeg    . . .        y - +4 robe of Augmentation {Str+4 Int+4 Dex+4}
rPois   +            (no helmet)
rElec   .            I - +0 cloak
rCorr   .            b - +0 pair of gloves
SInv    +            (no barding)
Will    +....        (no amulet)
Stlth   ++++         l - ring of wizardry
HPRegen 0.30/turn    C - +6 ring of intelligence
MPRegen 0.17/turn

%: wizardry (x1)
@: drained, very slow
A: AC +3, large, see invisible, deformed body, poison resistance, slowness 2,
spit poison 1, naga tail 1
a: Spit Poison


You were on level 6 of the Dungeon.
You visited 2 branches of the dungeon, and saw 8 of its levels.
You also visited: Sewer.

You collected 533 gold pieces.

Inventory:

Hand Weapons
 D - a +1 whip of electrocution (weapon)
 E - a +0 whip of venom
Missiles
 d - 2 throwing nets
Armour
 b - a +0 pair of gloves (worn)
 y - the +4 robe of Augmentation (worn) {Str+4 Int+4 Dex+4}
   (You found it on level 3 of the Dungeon)

   Str:       It affects your strength (+4).
   Int:       It affects your intelligence (+4).
   Dex:       It affects your dexterity (+4).
 z - a scarf of harm
 I - a +0 cloak (worn)
Jewellery
 a - a ring of positive energy
 l - a ring of wizardry (left hand)
 x - a +6 ring of strength
 C - a +6 ring of intelligence (right hand)
 J - the ring "Sonuclob" {Fire rPois}
   (You found it on level 6 of the Dungeon)

   [ring of fire]

   It enhances your fire magic.
   rF:        It protects you from fire.
   rC:        It makes you vulnerable to cold.
   rPois:     It protects you from poison.
Scrolls
 e - 3 scrolls of enchant weapon
 f - a scroll of brand weapon
 j - 2 scrolls of immolation
 o - a scroll of teleportation
 q - a scroll of enchant armour
 s - 3 scrolls of poison
 u - a scroll of vulnerability
 v - a scroll of fear
 F - 2 scrolls of fog {unknown}
 H - a scroll of torment {unknown}
 K - a scroll of silence {unknown}
Potions
 c - 2 potions of attraction
 g - 3 potions of heal wounds {unknown}
 h - 3 potions of mutation {unknown}
 i - a potion of flight {unknown}
 k - 6 potions of curing {unknown}
 m - a potion of experience {unknown}
 n - 2 potions of degeneration {unknown}
 p - 2 potions of might {unknown}
 r - a potion of brilliance {unknown}
 t - a potion of magic {unknown}
 w - a potion of invisibility {unknown}
 A - 5 potions of haste
 B - a potion of berserk rage {unknown}
 G - a potion of cancellation {unknown}


   Skills:
 - Level 1.0 Fighting
 - Level 2.0 Short Blades
 + Level 8.4 Stealth
 + Level 7.6 Spellcasting
 + Level 9.3 Conjurations
 - Level 1.0 Evocations


You had 21 spell levels left.
You knew the following spells:

 Your Spells              Type           Power      Damage    Failure   Level
a - Searing Ray           Conj           100%       2d8       1%          2

Your spell library contained the following spells:

 Spells                   Type           Power      Damage    Failure   Level
 Magic Dart               Conj           100%       1d8       1%          1
 Static Discharge         Conj/Air       64%        2-5/arc   1%          2
 Necrotise                Necr           36%        1d5       2%          1
 Fulminant Prism          Conj/Hex       16%        3d11      4%          4
 Ozocubu's Armour         Ice            9%         N/A       8%          3
 Vampiric Draining        Necr           9%         2d6       8%          3
 Agony                    Necr           9%         N/A       54%         5
 Metabolic Englaciation   Hex/Ice        4%         N/A       54%         5
 Simulacrum               Ice/Necr       4%         N/A       98%         6


Dungeon Overview and Level Annotations

Branches:
Dungeon (7/15)             Temple (1/1) D:6           Sewer (visited)

Altars:
Ashenzari
Cheibriados
Dithmenos
Elyvilon
Fedhas
Gozag
Hepliaklqana
Kikubaaqudgha
Nemelex Xobeh
Qazlal
Ru
Sif Muna
Vehumet
Wu Jian
Xom
Yredelemnul
Zin
The Shining One


Innate Abilities, Weirdness & Mutations

Your serpentine skin is tough. (AC +3)
You have supernaturally acute eyesight. (SInv)
Armour fits poorly on your strangely shaped body.
Your system is resistant to poisons. (rPois)
You cover ground very slowly.
You can spit poison.
You have a snake-like lower body.


Message History

You feel drained.
* * * LOW HITPOINT WARNING * * *
The wight freezes you.
* * * LOW HITPOINT WARNING * * *
Casting: Searing Ray (safe; 1% risk of failure)
Confirm with . or Enter, or press ? or * to list all spells.
Restarting spell: Searing Ray (safe; 1% risk of failure)
Press: ? - help, Shift-Dir - straight line, f/p - wight
Aim: a wight, wielding a +1 halberd of freezing and wearing a +0 robe (lightly damaged, 83% to hit)
The searing ray hits the wight.
The wight is heavily damaged. (Press . to maintain the ray.)
The wight closely misses you. x2
Casting: Searing Ray (safe; 1% risk of failure)
Confirm with . or Enter, or press ? or * to list all spells.
Restarting spell: Searing Ray (safe; 1% risk of failure)
Press: ? - help, Shift-Dir - straight line, f/p - wight
Aim: a wight, wielding a +1 halberd of freezing and wearing a +0 robe (heavily damaged, 83% to hit)
The searing ray hits the wight.
The wight is heavily damaged. (Press . to maintain the ray.)
The wight hits you with a +0 morningstar.
* * * LOW HITPOINT WARNING * * *
You feel drained.
The wight hits you with a +1 halberd of freezing.
* * * LOW HITPOINT WARNING * * *
The wight freezes you.
* * * LOW HITPOINT WARNING * * *
Casting: Searing Ray (safe; 1% risk of failure)
Confirm with . or Enter, or press ? or * to list all spells.
Restarting spell: Searing Ray (safe; 1% risk of failure)
Press: ? - help, Shift-Dir - straight line, f/p - wight
Aim: a wight, wielding a +1 halberd of freezing and wearing a +0 robe (heavily damaged, 83% to hit)
The searing ray hits the wight.
The wight is severely damaged. (Press . to maintain the ray.)
The wight hits you with a +0 morningstar.
* * * LOW HITPOINT WARNING * * *
The wight hits you with a +1 halberd of freezing!
You die...

..#.....##...'.......#.......#...
..#......#...'.#######.......##..
.##.#....#...'.# #####'#....#..
.#..#...##...#.# #.....#....#..
.#..##.##....#.# #.....#....#..
.#...###....##.# ##..###....#.#
.##.......###..#########....###.#
..###...###.....z......#....#....
....#####.......@z.....#....#....
###........##..####'####....###.#
##....##..#####..............#'#
#....)........#..............#..
#.............#..............#..
#.............#..............#..
#.............#..............#..
##............#..............'..
#######..#####..............###


You could see 2 wights.

Vanquished Creatures
  The ghost of diocancan the Trooper, a novice DrCj (D:6)
  Sigmund (D:2)
  A water moccasin (D:6)
  2 black bears
  3 ice beasts
  A sky beast (D:6)
  Pargi (Sewer)
  An ogre (D:6)
  A centaur (D:6)
  2 phantoms (D:4)
  Blork the orc (D:5)
  A scorpion (D:6)
  A howler monkey (D:4)
  5 hounds
  3 orc priests (D:5)
  Crazy Yiuf (D:5)
  2 water moccasin simulacra (D:6)
  3 iguanas
  A sleepcap (D:6)
  Natasha (thrice) (D:2)
  2 orc wizards
  A bullfrog simulacrum (D:6)
  A centaur simulacrum (D:6)
  Robin (D:3)
  6 gnolls
  8 adders
  A white imp (D:6)
  4 worms
  17 orcs
  5 ball pythons
  7 bats
  8 endoplasms
  10 giant cockroaches
  13 goblins
  8 hobgoblins
  2 jackals
  10 kobolds
  6 quokkas
  7 frilled lizards
  6 rats
158 creatures vanquished.

Notes
Turn   | Place    | Note
-------+----------+-------------------------------------------
     0 | D:1      | MajorAdolf the Naga Wanderer began the quest for the Orb.
     0 | D:1      | MajorAdolf set off with the following items: a +0 rapier, a
                  | +0 pair of gloves, a potion of attraction, a +0 leather
                  | armour; and the following spells available to memorise:
                  | Searing Ray, Static Discharge.
     0 | D:1      | Reached XP level 1. HP: 18/18 MP: 2/2
   646 | D:1      | Reached XP level 2. HP: 25/25 MP: 4/4
   715 | D:1      | Learned a level 2 spell: Searing Ray
  1461 | D:2      | Noticed Natasha
  1463 | D:2      | Found a faded altar of an unknown god.
  1469 | D:2      | Killed Natasha
  1470 | D:2      | Reached XP level 3. HP: 28/31 MP: 0/6
  1990 | D:2      | Reached XP level 4. HP: 38/38 MP: 4/7
  2049 | D:2      | Noticed Natasha
  2059 | D:2      | Killed Natasha
  2065 | D:2      | Reached skill level 5 in Conjurations
  2134 | D:2      | Noticed Sigmund
  2139 | D:2      | Killed Sigmund
  2140 | D:2      | Reached XP level 5. HP: 43/44 MP: 3/10
  2140 | D:2      | Reached XP level 6. HP: 49/51 MP: 3/11
  2368 | D:2      | Noticed Natasha
  2373 | D:2      | Killed Natasha
  2637 | D:3      | Reached skill level 6 in Conjurations
  3098 | D:3      | Noticed Robin
  3109 | D:3      | Killed Robin
  3577 | D:3      | Found the +4 robe of Augmentation {Str+4 Int+4 Dex+4}
  3678 | D:3      | Found a shadowy altar of Dithmenos.
  4072 | D:3      | Found a sparkling altar of Nemelex Xobeh.
  4393 | D:4      | Reached XP level 7. HP: 54/57 MP: 4/13
  4901 | D:4      | Reached skill level 5 in Spellcasting
  4901 | D:4      | Reached skill level 7 in Conjurations
  5014 | D:4      | Found a shimmering blue altar of Sif Muna.
  5017 | D:4      | Found a shimmering altar of Xom.
  5689 | D:4      | Reached XP level 8. HP: 58/64 MP: 8/16
  5747 | D:5      | Entered Level 5 of the Dungeon
  5840 | D:5      | Found a glowing drain.
  5860 | Sewer    | Entered a sewer
  5876 | Sewer    | Noticed Pargi
  5883 | Sewer    | Killed Pargi
  6130 | D:5      | Found a runed translucent door.
  6131 | D:5      | Noticed Crazy Yiuf
  6149 | D:5      | Found a sacrificial altar of Ru.
  6208 | D:5      | Noticed Blork the orc
  6218 | D:5      | Killed Blork the orc
  6574 | D:5      | Reached skill level 8 in Conjurations
  7232 | D:5      | Killed Crazy Yiuf
  7443 | D:6      | Found a staircase to the Ecumenical Temple.
  7458 | D:6      | Reached skill level 5 in Stealth
  7463 | Temple   | Entered the Ecumenical Temple
  7706 | D:6      | Found a runed translucent gate.
  7706 | D:6      | Found a runed translucent gate.
  7740 | D:6      | Noticed diocancan's ghost (novice DrCj)
  7824 | D:6      | Found a runed translucent gate.
  8145 | D:6      | Reached XP level 9. HP: 65/70 MP: 11/19
  8537 | D:6      | Identified the +6 quarterstaff "Mann" {drain, Str+2}
  8660 | D:6      | Found a white marble altar of Elyvilon.
  8660 | D:6      | Found a radiant altar of Vehumet.
  8870 | D:6      | Reached skill level 9 in Conjurations
  8890 | D:6      | Killed diocancan's ghost
  9098 | D:6      | Got the ring "Sonuclob" {Fire rPois}
  9133 | D:6      | Slain by a wight

Illustrated notes

Levels and vault maps discovered:
D:1:      lemuel_arrival_cross, layout_basic,
          nicolae_concentric_dashed_squares_mild, grunt_decor_junction,
          minmay_distorted
D:2:      layout_basic, ebering_ecumenical_altar_hall, uniq_natasha,
          uniq_sigmund
D:3:      minmay_razor_zed, layout_basic, nemelex_diamond_rough_becter,
          nicolae_dithmenos_through_a_glass_darkly, kennysheep_generic_room_13,
          uniq_robin
D:4:      layout_loops_ring, chequers_temple_overflow_statue_of_worship
D:5:      layout_loops_ring, amcnicky_altar_gilded, gup_sewer_entry_pipe,
          uniq_crazy_yiuf_cottage, uniq_blork_the_orc
D:6:      layout_gridville, gammafunk_temple_overflow_elements,
          minmay_temple_entry_arrows, gammafunk_ghost_icy,
          minmay_fractal_squares_diagonal_5
D:7:      layout_rooms, amcnicky_mini_pool_small, dreamdust_gnoll_shepherd
Temple:   grunt_temple_mini_profane

Skill      XL: |  1  2  3  4  5  6  7  8  9 |
---------------+----------------------------+-----
Spellcasting   | 2 3 4 5 6 7 |  7.6
Conjurations   | 5 6 7 8 9 |  9.3
Stealth        | 6 8 |  8.4
Fighting       | |  1.0
Short Blades   | |  2.0
Evocations     | |  1.0

Action                     |  1- 3 |  4- 6 |  7- 9 || total
---------------------------+-------+-------+-------++-------
  Melee: Dagger            |    39 |    33 |     2 ||    74
         Rapier            |     3 |       |       ||     3
         Whip              |       |       |    45 ||    45
   Cast: Searing Ray       |    18 |    37 |    84 ||   139
Ability: Spit Poison       |     7 |     4 |     8 ||    19
    Use: Scroll            |       |       |    12 ||    12
   Stab: Sleeping          |       |       |     2 ||     2
 Armour: Leather armour    |    16 |    20 |       ||    36
         Robe              |       |     8 |    78 ||    86
  Dodge: Dodged            |    22 |    26 |    58 ||   106
